 Dungeon Crawl Stone Soup version 0.25-a0-510-ge065f6de7d (webtiles) character file.

Game seed: 157533935784118432, levelgen mode: deterministic

63 Forecaster the Poker (level 4, -2/34 HPs)
             Began as a Merfolk Skald on Feb 15, 2020.
             Slain by Sigmund
             ... wielding a +0 scythe
              (6 damage)
             ... on level 3 of the Dungeon.
             The game lasted 00:13:09 (2135 turns).

Forecaster the Poker (Merfolk Skald)                Turns: 2135, Time: 00:13:09

Health: -2/34      AC:  6    Str: 12    XL:     4   Next: 9%
Magic:  1/7        EV: 13    Int: 12    God:
Gold:   111        SH:  0    Dex: 13    Spells: 6/7 levels left

rFire    . . .     SeeInvis .   a - +0 spear
rCold    . . .     Gourm    .   (no shield)
rNeg     . . .     Faith    .   b - +0 leather armour
rPois    .         Spirit   .   (no helmet)
rElec    .         Reflect  .   (no cloak)
rCorr    .         Harm     .   m - +2 pair of gloves
MR       .....                  (no boots)
Stlth    +.........             (no amulet)
HPRegen  0.11/turn              (no ring)
MPRegen  0.10/turn              (no ring)

@: infused, flying
A: change form in water, swift swim, stealthy swim
a: no special abilities


You were on level 3 of the Dungeon.
You were very hungry.

You visited 1 branch of the dungeon, and saw 3 of its levels.

You collected 111 gold pieces.

Inventory:

Hand Weapons
 a - a +0 spear (weapon)
 f - a +0 hunting sling
 h - a +0 short sword
 q - a +0 dagger
 t - a +0 dagger
 y - a +0 short sword
Missiles
 c - 154 stones (quivered)
 e - 5 javelins
 j - 49 bolts
 o - 17 arrows
Armour
 b - a +0 leather armour (worn)
 g - a +0 buckler
 m - a +2 pair of gloves (worn)
 n - a +0 ring mail
 p - a +0 leather armour
 u - a +0 chain mail
Scrolls
 i - 3 scrolls of remove curse {unknown}
 l - a scroll of identify {unknown}
 s - 2 scrolls of enchant armour {unknown}
 w - 2 scrolls of enchant weapon {unknown}
 z - a scroll of fog {unknown}
Potions
 k - a potion of resistance {unknown}
 r - a potion of flight
 v - a potion of might {unknown}
 x - a potion of heal wounds {unknown}
Comestibles
 d - 7 rations


   Skills:
 + Level 2.4 Fighting
 + Level 4.1 Polearms
 + Level 1.0 Armour
 + Level 3.4 Dodging
 + Level 0.2 Stealth
 + Level 2.4 Spellcasting
 + Level 3.6 Charms


You had 6 spell levels left.
You knew the following spells:

 Your Spells              Type           Power        Failure   Level  Hunger
a - Infusion              Chrm           ##..         8%          1    ##.....

Your spell library contained the following spells:

 Spells                   Type           Power        Failure   Level  Hunger
 Song of Slaying          Chrm           ##......     11%         2    ###....
 Shroud of Golubria       Chrm/Tloc      #.....       24%         2    ###....
 Ozocubu's Armour         Chrm/Ice       #.......     43%         3    ####...
 Spectral Weapon          Hex/Chrm       #.......     43%         3    ####...


Dungeon Overview and Level Annotations

Branches:
Dungeon (3/15)

Altars:

Annotations:
D:3 Sigmund


Message History

Sigmund is lightly wounded.
The quokka closely misses you. The kobold hits you but does no damage.
Sigmund closely misses you.
You hit Sigmund but do no damage.
Sigmund is lightly wounded.
The quokka closely misses you. The kobold closely misses you.
You hit Sigmund.
Sigmund is moderately wounded.
The quokka closely misses you. Sigmund hits you with a +0 scythe!
* * * LOW HITPOINT WARNING * * *
Casting: Infusion (safe; 8% risk of failure)
Confirm with . or Enter, or press ? or * to list all spells.
You begin infusing your attacks with magical energy.
The quokka bites you but does no damage.
The kobold closely misses you. The quokka bites you.
* * * LOW HITPOINT WARNING * * *
It was a potion of flight.
You feel very buoyant.
You fly up into the air.
Sigmund hits you with a +0 scythe.
You die...

## # ##.# # . %.. #.
#. #.. .. #.##.#
#.#.#[.# . #....#.#
.. #.#.@K.# .#
#.###@r###.##. #.#
#..†...... #.#
#..†##.##. ## # #.#
#......... .. #. #.#
#.#.####..
.###..##.###........
#
...#.......##.####.
##.##.#####.#.#.#.#
#.....#####..###..#


You could see Sigmund, a quokka and a kobold.

Vanquished Creatures
  2 adders (D:2)
  An ooze (D:2)
  2 dart slugs (D:1)
  A leopard gecko (D:3)
  2 bats (D:3)
  3 giant cockroaches
  3 goblins
  2 hobgoblins
  4 jackals (D:2)
  4 kobolds
  A quokka (D:2)
  A ball python (D:2)
  A frilled lizard (D:1)
  8 rats
35 creatures vanquished.

Notes
Turn   | Place    | Note
-------+----------+-------------------------------------------
     0 | D:1      | Forecaster the Merfolk Skald began the quest for the Orb.
     0 | D:1      | Reached XP level 1. HP: 16/16 MP: 3/3
   122 | D:1      | Reached XP level 2. HP: 12/22 MP: 1/5
  1050 | D:2      | Reached XP level 3. HP: 27/28 MP: 0/6
  1483 | D:2      | Reached skill level 4 in Polearms
  1529 | D:2      | Reached XP level 4. HP: 8/34 MP: 7/7
  2110 | D:3      | Noticed Sigmund
  2113 | D:3      | Reached skill level 1 in Armour
  2135 | D:3      | Slain by Sigmund

Levels and vault maps discovered:
D:1:      sevenhm_arrival_forest_fort_small_3, layout_loops_corners,
          minmay_ruptured
D:2:      layout_loops_ring, first_ration, serial_bayou, serial_bayou_pond_d,
          serial_bayou_pond_c, serial_bayou_pond_c, serial_bayou_shore_a
D:3:      layout_loops_ring, uniq_sigmund, uniq_jessica

Skill      XL: |  1  2  3  4 |
---------------+-------------+-----
Dodging        | 3 |  3.4
Polearms       | 4 |  4.1
Armour         | 1 |  1.0
Fighting       | |  2.4
Stealth        | |  0.2
Spellcasting   | |  2.4
Charms         | |  3.6

Action                   |  1- 3 |  4- 6 || total
-------------------------+-------+-------++-------
Melee: Spear             |   132 |    25 ||   157
       Tailslap          |     6 |       ||     6
 Cast: Infusion          |     7 |     2 ||     9
  Use: Potion            |       |     1 ||     1
 Stab: Sleeping          |     1 |       ||     1
  Eat: Chunk             |     2 |     1 ||     3
Armor: Leather armour    |    31 |    16 ||    47
Dodge: Dodged            |    63 |    43 ||   106

Table legend:
 A = Non-vault XP
 B = Vault XP
 C = Vault XP percentage of total XP
 D = Non-vault monster count
 E = Vault monster count
 F = Vault count percentage of total count
                 A         B        C        D         E       F
            +---------+---------+-------+---------+---------+-------
      Total |      84 |       6 |   6.7 |      33 |       2 |   5.7
            +---------+---------+-------+---------+---------+-------
        D:1 |      19 |       6 |  24.0 |      10 |       2 |  16.7
        D:2 |      57 |       0 |   0.0 |      19 |       0 |   0.0
        D:3 |       8 |       0 |   0.0 |       4 |       0 |   0.0
            +---------+---------+-------+---------+---------+-------
